Unix NetHack Version 3.7.0-62 Work-in-progress - last build Sep 11 2022 12:50:24 (50a4e0875b74f16bdbec0d79e29a59bb940978ed,branch:master).

Game began 2022-09-12 02:04:10, ended 2022-09-12 10:55:17.

Gandelf, neutral male human Monk

  
stone
stone
stone
stone
stone
stone
stone
stone
stone
stone
stone
stone
stone
stone
stone
stone
stone
stone
stone
stone
stone
stone
stone
stone
stone
stone
stone
stone
stone
stone
stone
stone
stone
stone
stone
stone
stone
stone
stone
stone
stone
stone
stone
stone
stone
stone
stone
stone
stone
stone
stone
stone
stone
stone
stone
stone
stone
stone
stone
stone
stone
stone
stone
stone
stone
stone
stone
stone
stone
stone
stone
stone
stone
stone
stone
stone
stone
stone
stone
stone
stone
stone
stone
stone
stone
stone
stone
stone
stone
stone
stone
stone
stone
stone
stone
stone
stone
stone
stone
stone
stone
stone
stone
stone
stone
stone
stone
stone
stone
stone
stone
stone
stone
stone
stone
stone
stone
stone
stone
stone
stone
stone
stone
stone
stone
stone
stone
stone
stone
stone
stone
stone
stone
stone
stone
stone
stone
stone
stone
stone
stone
stone
stone
stone
stone
stone
stone
stone
stone
stone
stone
stone
stone
stone
stone
stone
stone
stone
stone
stone
stone
stone
stone
stone
stone
stone
stone
stone
stone
stone
stone
stone
stone
stone
stone
stone
stone
stone
stone
stone
stone
stone
stone
stone
stone
stone
stone
stone
stone
stone
stone
stone
stone
stone
stone
stone
stone
stone
stone
stone
stone
stone
stone
stone
stone
stone
stone
stone
stone
stone
stone
stone
stone
stone
stone
stone
stone
stone
stone
stone
stone
stone
stone
stone
stone
stone
stone
stone
stone
stone
stone
stone
stone
stone
stone
stone
stone
stone
stone
stone
stone
stone
stone
stone
stone
stone
stone
stone
stone
stone
stone
stone
stone
stone
stone
stone
stone
stone
stone
stone
stone
stone
stone
stone
stone
stone
stone
stone
stone
stone
stone
stone
stone
stone
stone
stone
stone
stone
stone
stone
stone
stone
stone
stone
stone
stone
stone
stone
stone
stone
stone
stone
stone
stone
stone
stone
stone
stone
stone
stone
stone
stone
stone
stone
stone
stone
stone
stone
stone
stone
stone
stone
stone
stone
stone
stone
stone
stone
stone
stone
stone
stone
stone
stone
stone
stone
stone
stone
stone
stone
stone
stone
stone
stone
stone
stone
stone
stone
stone
stone
stone
stone
stone
stone
stone
stone
stone
stone
stone
stone
stone
stone
stone
stone
stone
stone
stone
stone
stone
stone
stone
stone
stone
stone
stone
stone
stone
stone
stone
stone
stone
stone
stone
stone
stone
stone
stone
stone
stone
stone
stone
stone
stone
stone
stone
stone
stone
stone
stone
stone
stone
stone
stone
stone
stone
stone
stone
stone
stone
stone
stone
stone
stone
stone
stone
stone
stone
stone
stone
stone
stone
stone
stone
stone
stone
stone
stone
stone
stone
stone
stone
stone
stone
stone
stone
wall
wall
wall
wall
wall
wall
wall
wall
wall
wall
wall
wall
wall
wall
wall
wall
wall
wall
stone
stone
stone
stone
stone
stone
stone
stone
stone
stone
stone
stone
stone
stone
stone
stone
stone
stone
stone
stone
stone
stone
stone
stone
stone
stone
stone
stone
stone
stone
stone
stone
stone
stone
stone
stone
stone
stone
stone
stone
stone
stone
stone
stone
stone
stone
stone
stone
stone
stone
stone
stone
stone
stone
stone
stone
stone
stone
stone
stone
stone
wall
.dark part of a room
.dark part of a room
.dark part of a room
.dark part of a room
.dark part of a room
.dark part of a room
.dark part of a room
.dark part of a room
.dark part of a room
.dark part of a room
.dark part of a room
.dark part of a room
>staircase down
.dark part of a room
.dark part of a room
.dark part of a room
wall
stone
stone
stone
stone
stone
stone
stone
stone
stone
stone
stone
stone
stone
stone
stone
stone
stone
stone
stone
stone
stone
stone
stone
stone
stone
stone
stone
stone
stone
stone
stone
stone
stone
stone
stone
stone
stone
stone
stone
stone
stone
stone
stone
stone
stone
stone
stone
stone
stone
stone
stone
stone
stone
stone
stone
stone
stone
stone
stone
stone
stone
wall
|open door
wall
wall
wall
wall
wall
wall
wall
wall
wall
wall
wall
.dark part of a room
%a gecko corpse
.dark part of a room
.dark part of a room
wall
wall
wall
stone
stone
stone
stone
stone
stone
stone
stone
stone
stone
stone
stone
stone
stone
stone
stone
stone
stone
stone
stone
stone
stone
stone
stone
stone
stone
stone
stone
stone
stone
stone
stone
stone
stone
stone
stone
stone
stone
stone
stone
stone
stone
stone
stone
stone
stone
stone
stone
stone
stone
stone
stone
stone
stone
stone
stone
stone
stone
stone
wall
.floor of a room
.floor of a room
.floor of a room
.floor of a room
.floor of a room
.floor of a room
.floor of a room
wall
wall
wall
wall
wall
.dark part of a room
wall
.dark part of a room
.dark part of a room
.dark part of a room
.dark part of a room
wall
stone
stone
stone
stone
stone
stone
stone
stone
stone
stone
stone
stone
stone
stone
stone
stone
stone
stone
stone
stone
stone
stone
stone
stone
stone
stone
stone
stone
stone
stone
stone
stone
stone
stone
stone
stone
stone
stone
stone
stone
stone
stone
stone
stone
stone
stone
stone
stone
stone
stone
stone
stone
stone
stone
stone
stone
stone
stone
stone
wall
.floor of a room
.floor of a room
.floor of a room
.floor of a room
.floor of a room
.floor of a room
.floor of a room
wall
.dark part of a room
.dark part of a room
.dark part of a room
wall
.dark part of a room
.dark part of a room
.dark part of a room
wall
wall
.dark part of a room
wall
stone
stone
stone
stone
stone
stone
stone
stone
stone
stone
stone
stone
stone
stone
stone
stone
stone
stone
stone
stone
stone
stone
stone
stone
stone
stone
stone
stone
stone
stone
stone
stone
stone
stone
stone
stone
stone
stone
stone
stone
stone
stone
stone
stone
stone
stone
stone
stone
stone
stone
stone
stone
stone
stone
stone
stone
stone
stone
stone
wall
.floor of a room
.floor of a room
Wwraith
.floor of a room
.floor of a room
.floor of a room
.floor of a room
wall
1unknown creature causing you concern
1unknown creature causing you concern
1unknown creature causing you concern
.dark part of a room
.dark part of a room
.dark part of a room
.dark part of a room
.dark part of a room
.dark part of a room
.dark part of a room
wall
stone
stone
stone
stone
stone
stone
stone
stone
stone
stone
stone
stone
stone
stone
stone
stone
stone
stone
stone
stone
stone
stone
stone
stone
stone
stone
stone
stone
stone
stone
stone
stone
stone
stone
stone
stone
stone
stone
stone
stone
stone
stone
stone
stone
stone
stone
stone
stone
stone
stone
stone
stone
stone
stone
stone
stone
stone
stone
stone
wall
.floor of a room
.floor of a room
.floor of a room
@human monk called Gandelf
.floor of a room
.floor of a room
.floor of a room
wall
wall
.dark part of a room
wall
wall
.dark part of a room
wall
.dark part of a room
.dark part of a room
.dark part of a room
.dark part of a room
wall
stone
stone
stone
stone
stone
stone
stone
stone
stone
stone
stone
stone
stone
stone
stone
stone
stone
stone
stone
stone
stone
stone
stone
stone
stone
stone
stone
stone
stone
stone
stone
stone
stone
stone
stone
stone
stone
stone
stone
stone
stone
stone
stone
stone
stone
stone
stone
stone
stone
stone
stone
stone
stone
stone
stone
stone
stone
stone
stone
wall
.floor of a room
.floor of a room
.floor of a room
ftame kitten called Ella
.floor of a room
.floor of a room
.floor of a room
wall
.dark part of a room
.dark part of a room
.dark part of a room
wall
.dark part of a room
.dark part of a room
.dark part of a room
.dark part of a room
wall
.dark part of a room
wall
stone
stone
stone
stone
stone
stone
stone
stone
stone
stone
stone
stone
stone
stone
stone
stone
stone
stone
stone
stone
stone
stone
stone
stone
stone
stone
stone
stone
stone
stone
stone
stone
stone
stone
stone
stone
stone
stone
stone
stone
stone
stone
stone
stone
stone
stone
stone
stone
stone
stone
stone
stone
stone
stone
stone
stone
stone
stone
stone
wall
.floor of a room
.floor of a room
.floor of a room
.floor of a room
.floor of a room
.floor of a room
.floor of a room
wall
.dark part of a room
0a boulder
.dark part of a room
.dark part of a room
.dark part of a room
.dark part of a room
wall
.dark part of a room
.dark part of a room
.dark part of a room
wall
stone
stone
stone
stone
stone
stone
stone
stone
stone
stone
stone
stone
stone
stone
stone
stone
stone
stone
stone
stone
stone
stone
stone
stone
stone
stone
stone
stone
stone
stone
stone
stone
stone
stone
stone
stone
stone
stone
stone
stone
stone
stone
stone
stone
stone
stone
stone
stone
stone
stone
stone
stone
stone
stone
stone
stone
stone
stone
stone
wall
.floor of a room
.floor of a room
.floor of a room
.floor of a room
.floor of a room
.floor of a room
.floor of a room
wall
.dark part of a room
wall
0a boulder
%a floating eye corpse
wall
.dark part of a room
0a boulder
.dark part of a room
wall
.dark part of a room
wall
stone
stone
stone
stone
stone
stone
stone
stone
stone
stone
stone
stone
stone
stone
stone
stone
stone
stone
stone
stone
stone
stone
stone
stone
stone
stone
stone
stone
stone
stone
stone
stone
stone
stone
stone
stone
stone
stone
stone
stone
stone
stone
stone
stone
stone
stone
stone
stone
stone
stone
stone
stone
stone
stone
stone
stone
stone
stone
stone
wall
wall
wall
wall
wall
wall
wall
wall
wall
wall
wall
.dark part of a room
.dark part of a room
.dark part of a room
.dark part of a room
0a boulder
.dark part of a room
.dark part of a room
.dark part of a room
wall
stone
stone
stone
stone
stone
stone
stone
stone
stone
stone
stone
stone
stone
stone
stone
stone
stone
stone
stone
stone
stone
stone
stone
stone
stone
stone
stone
stone
stone
stone
stone
stone
stone
stone
stone
stone
stone
stone
stone
stone
stone
stone
stone
stone
stone
stone
stone
stone
stone
stone
stone
stone
stone
stone
stone
stone
stone
stone
stone
stone
stone
stone
stone
stone
stone
stone
stone
stone
stone
wall
.dark part of a room
0a boulder
.dark part of a room
.dark part of a room
wall
.dark part of a room
wall
wall
wall
stone
stone
stone
stone
stone
stone
stone
stone
stone
stone
stone
stone
stone
stone
stone
stone
stone
stone
stone
stone
stone
stone
stone
stone
stone
stone
stone
stone
stone
stone
stone
stone
stone
stone
stone
stone
stone
stone
stone
stone
stone
stone
stone
stone
stone
stone
stone
stone
stone
stone
stone
stone
stone
stone
stone
stone
stone
stone
stone
stone
stone
stone
stone
stone
stone
stone
stone
stone
stone
wall
wall
wall
wall
wall
wall
wall
wall
stone
stone
stone
stone
stone
stone
stone
stone
stone
stone
stone
stone
stone
stone
stone
stone
stone
stone
stone
stone
stone
stone
stone
stone
stone
stone
stone
stone
stone
stone
stone
stone
stone
stone
stone
stone
stone
stone
stone
stone
stone
stone
stone
stone
stone
stone
stone
stone
stone
stone
stone
stone
stone
stone
stone
stone
stone
stone
stone
stone
stone
stone
stone
stone
stone
stone
stone
stone
stone
stone
stone
stone
stone
stone
stone
stone
stone
stone
stone
stone
stone
stone
stone
stone
stone
stone
stone
stone
stone
stone
stone
stone
stone
stone
stone
stone
stone
stone
stone
stone
stone
stone
stone
stone
stone
stone
stone
stone
stone
stone
stone
stone
stone
stone
stone
stone
stone
stone
stone
stone
stone
stone
stone
stone
stone
stone
stone
stone
stone
stone
stone
stone
stone
stone
stone
stone
stone
stone
stone
stone
stone
stone
stone
stone
stone
stone
stone
stone
stone
stone
stone
stone
stone
stone
stone
stone
stone
stone
stone
stone
stone
stone
stone
stone
stone
stone
stone
stone
stone
stone
stone
stone
stone
stone
stone
stone
stone
stone
stone
stone
stone
stone
stone
stone
stone
stone
stone
stone
stone
stone
stone
stone
stone
stone
stone
stone
stone
stone
stone
stone
stone
stone
stone
stone
stone
stone
stone
stone
stone
stone
stone
stone
stone
stone
stone
stone
stone
stone
stone
stone
stone
stone
stone
stone
stone
stone
stone
stone
stone
stone
stone
stone
stone
stone
stone
stone
stone
stone
stone
stone
stone
stone
stone
stone
stone
stone
stone
stone
stone
stone
stone
stone
stone
stone
stone
stone
stone
stone
stone
stone
stone
stone
stone
stone
stone
stone
stone
stone
[Gandelf the Initiate ] St:18/01 Dx:15 Co:12 In:10 Wi:14 Ch:13 Neutral S:17161 Dlvl:7 $:99 HP:0(65) Pw:36(36) AC:4 Xp:8/2559 T:6538 Burdened

Latest messages:

You see here a rothe corpse.
Ephi eats a rothe corpse.
You see here a scale mail.
You fall down the stairs.
What do you want to use or apply? [ej-moprt-vABFGJNQVW or ?*] a
Sorry, I don't know how to use that.
You hit the quantum mechanic!
The quantum mechanic hits!
Your position suddenly seems very uncertain!
A mysterious force prevents you from teleporting!
You hit the quantum mechanic!
The quantum mechanic hits!
You miss the quantum mechanic.
You hit the quantum mechanic!
The quantum mechanic hits!
The quantum mechanic hits!
You kill the quantum mechanic!
What do you want to use or apply? [ej-moprt-vABFGJNQVW or ?*] p
You produce a strange whistling sound.
You see here a lamp called oil lamp.
You have a little trouble lifting K - a lamp called oil lamp.
What do you want to use or apply? [ej-moprt-vABFGJKNQVW or ?*] A
You have a little trouble removing H - 2 uncursed fortune cookies.
What do you want to throw? [$g or ?*] H
In what direction? k
Ella devours an uncursed fortune cookie.
You climb up the stairs.
You fall down the stairs.
You hear some noises in the distance.
You hear some noises in the distance.
You hear some noises in the distance.
The wraith touches you!
You hit the wraith!
The wraith touches you!
You hit the wraith!
You hit the wraith!
The wraith touches you!
Goodbye level 9.
You feel unaware!
The wraith touches you!
Are you sure you want to pray? [yn] (n) y
You begin praying to Chih Sung-tzu.
The wraith touches you!
The wraith touches you!
You die...
Do you want your possessions identified? [ynq] (y) n
Do you want to see your attributes? [ynq] (y) y
Do you want an account of creatures vanquished? [ynaq] (y) y
Do you want to see your conduct and achievements? [ynq] (y) y
Do you want to see the dungeon overview? [ynq] (y) y

Inventory:

Coins

$ - 99 gold pieces

Weapons

g - 15 +0 darts

Armor

R - an uncursed thoroughly rusty +1 dwarvish iron helm
E - an uncursed rotted +2 pair of leather gloves (being worn)
s - an uncursed very rusty +0 pair of iron shoes
I - a cursed -1 pair of iron shoes (being worn)
S - an uncursed very rusty +2 dwarvish roundshield (being worn)
h - an uncursed very burnt +1 robe (being worn)

Comestibles

M - 5 uncursed food rations
f - an uncursed fortune cookie
H - an uncursed fortune cookie
i - an uncursed pancake
C - 6 uncursed tripe rations
L - an uncursed lizard corpse

Scrolls

P - an uncursed scroll of create monster
c - an uncursed scroll of earth
T - an uncursed scroll of identify

Rings

b - an uncursed ring of cold resistance
U - a cursed ring of free action
a - a cursed -1 ring of gain strength
q - a cursed ring of hunger
n - a cursed -2 ring of increase accuracy
d - a cursed ring of polymorph
Z - an uncursed ring of see invisible

Wands

V - a wand of create monster (0:11)
B - a wand of digging (0:7)
o - a wand of enlightenment (0:12)
v - a wand of fire (0:7)
e - a wand of lightning (0:7)
N - a blessed wand of magic missile (0:0)
r - a wand of magic missile (0:6)
j - a wand of nothing (0:11)
W - a wand of teleportation (0:5)

Tools

A - an uncursed bag of holding containing 26 items
l - an uncursed blindfold
p - an uncursed magic whistle
t - an uncursed magic whistle
u - an uncursed magic whistle
m - an uncursed mirror
J - an uncursed oil lamp
K - an uncursed oil lamp
Q - a +0 pick-axe
k - an uncursed skeleton key
G - a +0 unicorn horn

Gems/Stones

X - an uncursed obsidian stone
x - an uncursed worthless piece of black glass
w - 2 uncursed worthless pieces of blue glass
Y - 3 uncursed worthless pieces of orange glass
O - an uncursed worthless piece of red glass
D - an uncursed worthless piece of white glass
y - 4 uncursed worthless pieces of yellow glass
z - an uncursed worthless piece of yellowish brown glass
F - an uncursed touchstone

Contents of the bag of holding:

670 gold pieces
a blessed +0 dart
14 +0 darts
a +0 knife
a +0 axe
an uncursed +0 dwarvish cloak
an uncursed +0 dwarvish cloak
an uncursed +0 dwarvish cloak
an uncursed +0 mummy wrapping
an uncursed +0 Hawaiian shirt with a giant eel motif
4 uncursed apples
3 uncursed food rations
6 uncursed oranges
a blessed scroll of confuse monster
a cursed scroll of fire
a cursed scroll of blank paper
an uncursed scroll of blank paper
an uncursed scroll of destroy armor
a cursed scroll of destroy armor
an uncursed scroll of gold detection
an uncursed scroll of identify
an uncursed spellbook of wizard lock
a blessed spellbook of confuse monster
4 uncursed potions of water
9 uncursed potions of water
a +0 pick-axe

Gandelf the Monk's attributes:


Background:

You were an Initiate, a level 8 male human Monk.
You were neutral, on a mission for Chih Sung-tzu
who was opposed by Shan Lai Ching (lawful) and Huan Ti (chaotic).
You were in Sokoban, on level 7.
You entered the dungeon 6538 turns ago.
There was a full moon in effect when your adventure ended.
You had 2559 experience points, 1 more was needed to attain level 9.
Your score was 17161 before end-of-game adjustments.

Basics:

You had 0 out of 65 hit points.
You had all 36 energy points (spell power).
Your armor class was 4.
Your wallet contained 99 zorkmids.
Autopickup was off.

Final Characteristics:

Your strength was 18/01 (limit:18/100).
Your dexterity was 15 (limit:18).
Your constitution was 12 (limit:18).
Your intelligence was 10 (limit:18).
Your wisdom was 14 (limit:18).
Your charisma was 13 (limit:18).

Final Status:

You were not hungry.
You were burdened; movement was slightly slowed.
You were empty handed.
You had expert skill with martial arts.

Final Attributes:

You were piously aligned.
You were sleep resistant.
You were poison resistant.
You saw invisible.
You were warned.
You were stealthy.
You were guarded.
You were fast.
You were unlucky.
You are dead.

Miscellaneous:
You never encountered a bones level.
Total elapsed playing time was 1 hour, 11 minutes and 34 seconds.

Major events:

Turn

1: Gandelf the neutral male human Monk entered the dungeon
299: entered the Gnomish Mines
348: attained the rank of Novice (level 3)
707: reached Mine Town
1101: attained the rank of Initiate (level 6)
3412: entered Sokoban
3861: completed 1st Sokoban level
4627: completed 2nd Sokoban level
5209: completed 3rd Sokoban level
6354: completed 4th Sokoban level
6538: killed by a wraith, while praying

Vanquished creatures:

a small mimic
2 xans
a quantum mechanic
a sasquatch
a pyrolisk
a freezing sphere
a dwarf ruler
a tengu
2 leocrottas
an elf mummy
a human mummy
a wraith
a cockatrice
2 winter wolf cubs
3 panthers
a spotted jelly
a gnome ruler
an orc mummy
a brown pudding
a rust monster
an owlbear
2 lizards
a dingo
a dwarf leader
2 white unicorns
a dust vortex
a plains centaur
a gnome mummy
an ape
2 soldier ants
19 bugbears
a quasit
2 Mordor orcs
an orc shaman
a pony
a yellow light
a shrieker
a violet fungus
10 gnome leaders
5 gnomish wizards
a gray ooze
an elf zombie
a straw golem
a paper golem
7 giant ants
a little dog
3 floating eyes
7 dwarves
a homunculus
5 kobold leaders
3 kobold shamans
2 hill orcs
4 rothes
a rabid rat
a centipede
an orc zombie
5 iguanas
15 killer bees
an acid blob
a hobbit
4 manes
a large kobold
22 hobgoblins
4 giant rats
3 cave spiders
a yellow mold
27 gnomes
2 geckos
5 jackals
4 kobolds
4 goblins
4 grid bugs
2 bats
a kobold zombie
3 newts
229 creatures vanquished.
No species were genocided or became extinct.

Voluntary challenges:

You followed a strict vegan diet.
You never hit with a wielded weapon.
You read items or engraved 1 time.
You never engraved Elbereth.
You never genocided any monsters.
You never polymorphed an object.
You never changed form.
You used no wishes.
You violated the special Sokoban rules 5 times.

Achievements:

You entered the Gnomish Mines.
You attained the rank of Novice.
You entered Minetown.
You entered a shop.
You entered a temple.
You attained the rank of Initiate.
You entered Sokoban.

The Dungeons of Doom: levels 1 to 11

   Level 1:
A fountain.
Level 2:
A fountain.
Stairs down to The Gnomish Mines.
Level 3:
A general store.
Level 4:
Level 5:
Level 6:
A throne, a fountain, a sink.
Level 7:
A fountain.
Level 8:
A throne, a grave.
Level 9:
A fountain.
Level 10:
Some fountains, a grave.
Stairs up to Sokoban, level 9.
Level 11:

The Gnomish Mines: levels 3 to 5

   Level 3:
Level 4:
Level 5:
Many shops, a temple, a fountain.

Sokoban: levels 9 up to 6

   Level 6:
Solved.
Level 7: <- You were here.
Solved.
Final resting place for
you, killed by a wraith, while praying.
Level 8:
Solved.
Level 9:
Solved.

Game over:

----------
/ \
/ REST \
/ IN \
/ PEACE \
/ \
| Gandelf |
| 769 Au |
| killed by a |
| wraith |
| |
| |
| 2022 |
*| * * * | *
_________)/\\_//(\/(/\)/\//\/|_)_______

Goodbye Gandelf the Monk...


You died in Sokoban on dungeon level 7 with 17085 points,
and 769 pieces of gold, after 6538 moves.
You were level 8 with a maximum of 65 hit points when you died.